 Dungeon Crawl Stone Soup version 0.28.0-53-g5a82cb258f (webtiles) character file.

Game seed: 7658015898298317495

699 styxcanada the Covert (level 7, -3/35 HPs)
             Began as a Spriggan Brigand on June 13, 2022.
             Was an Initiate of Gozag.
             Slain by a water moccasin (7 damage)
             ... on level 6 of the Dungeon on June 14, 2022.
             The game lasted 00:19:24 (5865 turns).

styxcanada the Covert (Spriggan Brigand)            Turns: 5865, Time: 00:19:25

Health: -3/35      AC:  5    Str:  7    XL:     7   Next: 38%
Magic:  8/8        EV: 19    Int: 13    God:    Gozag
Gold:   252        SH:  0    Dex: 18    Spells: 3/6 levels left

rFire   . . .      SeeInvis +   o - +0 dagger (venom)
rCold   . . .      Faith    .   (no shield)
rNeg    . . .      Spirit   .   b - +0 robe
rPois   .          Reflect  .   (helmet restricted)
rElec   .          Harm     .   p - +2 cloak
rCorr   .          Rampage  .   (gloves unavailable)
Will    +....                   (boots unavailable)
Stlth   +++++.....              (no amulet)
HPRegen 0.11/turn               (no ring)
MPRegen 0.11/turn               (no ring)

@: very quick
A: very small, no large weapons, unfitting armour, see invisible, speed 3
a: Renounce Religion, Potion Petition, Call Merchant, Bribe Branch


You were on level 6 of the Dungeon.
You worshipped Gozag.
Gozag was aware of your devotion.
You visited 2 branches of the dungeon, and saw 7 of its levels.

You collected 353 gold pieces.
You paid 101 gold pieces to Gozag.

Inventory:

Hand Weapons
 a - a +2 dagger
 d - a +0 hunting sling
 e - a +4 quarterstaff of chaos
 o - a +0 dagger of venom (weapon)
Missiles
 i - 38 sling bullets
 k - 114 stones (quivered)
 n - 4 poisoned darts
 r - 3 atropa-tipped darts
Armour
 b - a +0 robe (worn)
 p - a +2 cloak (worn)
Wands
 j - a wand of iceblast (16)
Scrolls
 h - 3 scrolls of teleportation
 m - a scroll of fog
 s - a scroll of identify
Potions
 f - 4 potions of curing
 g - a potion of heal wounds
 l - a potion of cancellation
 q - 2 potions of magic
 t - a potion of brilliance
 u - 2 potions of flight {unknown}


   Skills:
 * Level 2.9 Fighting
 + Level 4.2 Short Blades
 + Level 2.2(3.0) Slings
 + Level 2.4(2.8) Throwing
 * Level 4.2 Dodging
 * Level 9.8 Stealth
 * Level 1.9 Evocations


You had 3 spell levels left.
You knew the following spells:

 Your Spells              Type           Power      Damage    Failure   Level
a - Sting                 Tmut/Pois      0%         1d3       30%         1
b - Poisonous Vapours     Pois/Air       0%         N/A       43%         2

Your spell library contained the following spells:

 Spells                   Type           Power      Damage    Failure   Level
 Olgreb's Toxic Radiance  Pois           0%         N/A       97%         4
 Chain Lightning          Conj/Air       0%         N/A       100%        9
 Fire Storm               Conj/Fire      0%         5d1       100%        9
 Shatter                  Erth           0%         3d5*      100%        9


Dungeon Overview and Level Annotations

Branches:
Dungeon (6/15)             Temple (1/1) D:5

Altars:
Ashenzari
Cheibriados
Dithmenos
Elyvilon
Fedhas
Gozag
Hepliaklqana
Kikubaaqudgha
Makhleb
Nemelex Xobeh
Qazlal
Ru
Trog
Vehumet
Wu Jian
Yredelemnul
Zin
The Shining One

Annotations:
D:5 1 runed translucent door


Innate Abilities, Weirdness & Mutations

You are very small and have problems with some larger weapons.
You are too small for most types of armour.
You have supernaturally acute eyesight. (SInv)
You cover ground extremely quickly. (Speed+++)


Message History

The water moccasin is lightly wounded.
You feel sick. The water moccasin closely misses you.
You hit the water moccasin.
The water moccasin is moderately wounded.
You feel sick. The water moccasin misses you.
You hit the water moccasin.
The water moccasin is moderately wounded.
You feel sick. The water moccasin barely misses you.
You barely miss the water moccasin.
The water moccasin is moderately wounded.
You feel sick. The water moccasin misses you.
You hit the water moccasin.
The water moccasin is moderately wounded.
The water moccasin closely misses you.
You hit the water moccasin but do no damage.
The water moccasin is poisoned.
The water moccasin is moderately wounded.
You feel sick. The water moccasin misses you.
You hit the water moccasin but do no damage.
The water moccasin is moderately wounded.
You feel sick.
You are no longer poisoned.
The water moccasin bites you but does no damage.
You miss the water moccasin.
The water moccasin is heavily wounded.
The water moccasin completely misses you.
You closely miss the water moccasin.
The water moccasin is heavily wounded.
The water moccasin completely misses you.
You hit the water moccasin.
You punch the water moccasin, but do no damage.
The water moccasin is heavily wounded.
The water moccasin bites you!
* * * LOW HITPOINT WARNING * * *
You hit the water moccasin but do no damage.
The water moccasin looks even sicker.
The water moccasin is severely wounded.
The water moccasin bites you!
You die...
Your body crumbles into a pile of gold.

..##########.#
### #.# #.#
#.#
######.#######
#....#.......#
#.#.########.#
#S#.########.#
#.#......S@..#
#.############
#.# #.# #(#
#.# $ #.# #.#
#.#


You could see a water moccasin (very poisoned).

Vanquished Creatures
  A sky beast (D:5)
  2 ogres
  Blork the orc (D:5)
  A water moccasin zombie (D:5)
  A hound (D:5)
  2 centaur skeletons
  Crazy Yiuf (D:2)
  3 iguanas
  Robin (D:2)
  4 adders
  An adder skeleton (D:3)
  An adder zombie (D:3)
  3 worms
  4 dart slugs
  2 orcs
  3 bats (D:1)
  3 endoplasms
  2 giant cockroaches (D:1)
  12 goblins
  5 hobgoblins
  4 jackals (D:1)
  6 kobolds
  3 quokkas
  2 ball pythons (D:1)
  A ball python zombie (D:3)
  A frilled lizard (D:1)
  A giant cockroach zombie (D:3)
  A jackal skeleton (D:5)
  A kobold zombie (D:5)
  2 rats
75 creatures vanquished.

Vanquished Creatures (others)
  A fungus (D:2)
1 creature vanquished.

Grand Total: 76 creatures vanquished

Notes
Turn   | Place    | Note
-------+----------+-------------------------------------------
     0 | D:1      | styxcanada the Spriggan Brigand began the quest for the
                  | Orb.
     0 | D:1      | Reached XP level 1. HP: 10/10 MP: 2/2
    52 | D:1      | Reached skill level 6 in Stealth
   136 | D:1      | Reached XP level 2. HP: 10/15 MP: 3/3
   305 | D:1      | Found a faded altar of an unknown god.
   594 | D:2      | Reached XP level 3. HP: 18/18 MP: 4/4
   843 | D:2      | Reached skill level 7 in Stealth
   892 | D:2      | Noticed Robin
   941 | D:2      | Killed Robin
  1957 | D:2      | Found a runed translucent door.
  1958 | D:2      | Noticed Crazy Yiuf
  1967 | D:2      | Killed Crazy Yiuf
  1968 | D:2      | Reached XP level 4. HP: 23/23 MP: 5/5
  2922 | D:4      | Reached XP level 5. HP: 5/26 MP: 6/6
  3077 | D:4      | Reached skill level 8 in Stealth
  3453 | D:4      | Noticed an ogre
  3455 | D:4      | Killed an ogre
  3456 | D:4      | Reached skill level 1 in Slings
  3456 | D:4      | Reached XP level 6. HP: 31/31 MP: 7/7
  4131 | D:5      | Entered Level 5 of the Dungeon
  4155 | D:5      | Noticed a sky beast
  4162 | D:5      | Killed a sky beast
  4163 | D:5      | Reached skill level 9 in Stealth
  4192 | D:5      | Reached skill level 1 in Evocations
  4259 | D:5      | Noticed a human
  4260 | D:5      | Found a runed translucent door.
  4612 | D:5      | Reached XP level 7. HP: 20/35 MP: 8/8
  4792 | D:5      | Found a basalt altar of Yredelemnul.
  4793 | D:5      | Noticed Blork the orc
  4814 | D:5      | Killed Blork the orc
  4943 | D:5      | Learned a level 1 spell: Sting
  4946 | D:5      | Learned a level 2 spell: Poisonous Vapours
  5156 | D:5      | Found a staircase to the Ecumenical Temple.
  5165 | Temple   | Entered the Ecumenical Temple
  5211 | Temple   | Became a worshipper of Gozag Ym Sagoz the Greedy
  5865 | D:6      | Slain by a water moccasin

Illustrated notes

Levels and vault maps discovered:
D:1:      saegor_arrival_simple_e, layout_basic,
          hellmonk_ecumenical_altar_dog_temple
D:2:      layout_basic, uniq_crazy_yiuf_cottage, uniq_robin
D:3:      layout_basic, serial_undead, serial_undead_f, serial_undead_a,
          serial_undead_a, serial_undead_e
D:4:      layout_basic
D:5:      layout_cave_pools, dk_yredelemnul_ordeal, lemuel_temple_firewalk_a,
          uniq_blork_the_orc
D:6:      layout_basic, minmay_divided_ellipse
Temple:   nicolae_temple_the_god_donut

Skill      XL: |  1  2  3  4  5  6  7 |
---------------+----------------------+-----
Stealth        | 6 7 8 9 |  9.8
Dodging        | 2 3 4 |  4.2
Fighting       | 2 |  2.9
Short Blades   | 3 4 |  4.2
Slings         | 1 2 |  2.2
Evocations     | 1 |  1.9
Throwing       | |  2.4

Action                   |  1- 3 |  4- 6 |  7- 9 || total
-------------------------+-------+-------+-------++-------
Melee: Dagger            |   115 |   124 |    48 ||   287
       Punch             |     2 |     1 |     1 ||     4
 Fire: Hunting sling     |       |    23 |       ||    23
Throw: Dart              |    11 |     3 |    10 ||    24
       Stone             |     1 |       |     1 ||     2
 Cast: Sting             |       |       |     6 ||     6
  Use: Scroll            |       |     8 |     1 ||     9
       Potion            |       |       |     1 ||     1
 Stab: Sleeping          |     6 |    15 |     1 ||    22
Armor: Robe              |    22 |    13 |     4 ||    39
Dodge: Dodged            |    76 |    77 |    33 ||   186
